 Dungeon Crawl Stone Soup version 0.17-a0-1-g1f4be75 (webtiles) character file.

145 McCoppin the Chopper (level 5, -1/38 HPs)
             Began as a Demonspawn Gladiator on Mar 5, 2015.
             Slain by McCoppin's ghost (9 damage)
             ... on level 3 of the Dungeon.
             The game lasted 00:09:20 (3681 turns).

McCoppin the Chopper (Demonspawn Gladiator)         Turns: 3681, Time: 00:09:20

Health: -1/38      AC:  5    Str: 16    XL:     5   Next: 6%
Magic:  5/5        EV: 12    Int: 10    God:
Gold:   113        SH:  0    Dex: 13    Spells: 0 memorised, 4 levels left

rFire  . . .     SeeInvis .     a - +0 war axe
rCold  . . .     Clarity  .     b - +0 leather armour
rNeg   . . .     SustAb   .     (no shield)
rPois  .         Gourm    +     (helmet restricted)
rElec  .         Spirit   .     (no cloak)
rCorr  .         Warding  .     (no gloves)
rMut   .         Stasis   .     e - +0 pair of boots
MR     .....                    p - amulet of the gourmand
Stlth  +++.......               h - ring of stealth
                                k - ring of stealth

@: not resistant to hostile enchantments, fairly stealthy
A: horns 2, talons 1, molten scales 1, placid magic 1
a: no special abilities


You were on level 3 of the Dungeon.
You were very full.

You visited 1 branch of the dungeon, and saw 3 of its levels.

You collected 113 gold pieces.

Inventory:

Hand weapons
 a - a +0 war axe (weapon)
Missiles
 d - 3 throwing nets (quivered)
Armour
 b - a +0 leather armour (worn)
 c - a +0 helmet
 e - a +0 pair of boots (worn)
Jewellery
 g - an uncursed ring of flight
 h - a ring of stealth (right hand)
 k - a ring of stealth (left hand)
 p - an amulet of the gourmand (around neck)
Scrolls
 l - 3 scrolls of identify
Potions
 i - a potion of restore abilities
 q - a potion of curing
Comestibles
 f - a bread ration
 j - 2 slices of pizza


   Skills:
 - Level 2.0 Fighting
 + Level 5.3 Axes
 - Level 1.7 Throwing
 - Level 2.6 Dodging


You had 4 spell levels left.
You didn't know any spells.

Dungeon Overview and Level Annotations

Branches:
Dungeon (3/15)

Altars:
Yredelemnul

Annotations:
D:3 McCoppin's ghost, average OpFi


Innate Abilities, Weirdness & Mutations

You have a pair of horns on your head.
You are partially covered in molten scales (AC +1).
You have sharp toenails.
Your spells are a little easier to cast, but a little less powerful.


Message History

You closely miss McCoppin's ghost.
McCoppin's ghost is moderately damaged.
McCoppin's ghost hits you!
You hit McCoppin's ghost.
McCoppin's ghost is heavily damaged.
McCoppin's ghost hits you but does no damage.
You slash McCoppin's ghost! You headbutt McCoppin's ghost.
McCoppin's ghost is severely damaged.
McCoppin's ghost hits you but does no damage.
You hit McCoppin's ghost. You headbutt McCoppin's ghost.
McCoppin's ghost is almost destroyed.
McCoppin's ghost hits you!
You hit McCoppin's ghost but do no damage.
McCoppin's ghost is almost destroyed.
McCoppin's ghost hits you!
* * * LOW HITPOINT WARNING * * *
You hit McCoppin's ghost.
McCoppin's ghost is almost destroyed.
McCoppin's ghost hits you!
You die...

**,*,** *,* #.....#
**,***,***,**#.#.#.# *,**
**,,,,,>.,#.#.#
**,***,**#.#####.#.# **,*,**
#.........# **,** #######.###
*** #)# #W# ####### #@#
#.....# ###.######### #.###.#
#...........##
#.###.#######.#.##.......#####
#.##.............#...........#
#.##..#######............###.#
#.##..# #............# #.#
#.....# #.#.##.......###.#
#####.#### #.#.##........##.#


You could see McCoppin's ghost.

Vanquished Creatures
  An orc wizard (D:3)
  2 adders (D:2)
  3 worms (D:2)
  A giant gecko (D:1)
  7 orcs (D:3)
  12 bats
  5 giant cockroaches
  8 goblins
  7 hobgoblins
  4 jackals (D:1)
  9 kobolds
  6 giant newts
  3 quokkas
  11 rats
79 creatures vanquished.

Notes
Turn   | Place    | Note
--------------------------------------------------------------
     0 | D:1      | McCoppin, the Demonspawn Gladiator, began the quest for the Orb.
     0 | D:1      | Reached XP level 1. HP: 16/16 MP: 1/1
    65 | D:1      | Reached skill level 3 in Axes
   273 | D:1      | Gained mutation: You have sharp toenails. [potion of mutation]
   273 | D:1      | Gained mutation: You have a pair of small horns on your head. [potion of mutation]
   273 | D:1      | Gained mutation: Your spells are a little easier to cast, but a little less powerful. [potion of mutation]
   274 | D:1      | Gained mutation: You are partially covered in molten scales (AC +1). [demonic ancestry]
   274 | D:1      | Reached XP level 2. HP: 9/22 MP: 2/2
  1285 | D:2      | Reached XP level 3. HP: 9/27 MP: 3/3
  1503 | D:2      | Found a basalt altar of Yredelemnul.
  1549 | D:2      | Reached skill level 4 in Axes
  2040 | D:2      | Reached XP level 4. HP: 33/33 MP: 4/4
  2939 | D:3      | Reached skill level 5 in Axes
  3424 | D:3      | Gained mutation: You have a pair of horns on your head. [demonic ancestry]
  3424 | D:3      | Reached XP level 5. HP: 25/35 MP: 5/5
  3631 | D:3      | Noticed McCoppin's ghost (average OpFi)
  3681 | D:3      | Slain by McCoppin's ghost

Action                   |  1- 3 |  4- 6 || total
-------------------------+-------+-------++-------
Melee: War axe           |   112 |   121 ||   233
  Use: Potion            |     1 |     5 ||     6
       Scroll            |       |     5 ||     5
 Stab: Sleeping          |       |     2 ||     2
  Eat: Chunk             |     3 |    14 ||    17
